Map: Vallée des cactus EC

Players

kOrc

  • Race: Zerg Zerg
  • League: Grandmaster

AgCl - Winner!

  • Race: Protoss Protoss
  • League: Grandmaster

VOD

Have the link to the VOD?

Description

Time

  • Played on: June 23, 2015, 3:48 a.m.
  • Length: 10:44
Show
View Real Time Build Order
Export as new Build Order

kOrc Zerg 

Build Orders: Pool First 

Get SALT Encoding   

  12  0:01  Drone  
  13  0:13  Drone  
  14  0:22  Overlord  
  14  0:35  Spawning Pool  
  13  0:49  Drone x3  
  16  0:50  Extractor  
  15  1:15  Hatchery  
  14  1:28  Drone  
  14  1:29  Drone x2  
  17  1:46  Zergling x2  
  18  1:53  Queen  
  20  1:55  Zergling x2  
  21  2:01  Zergling x2  
  22  2:11  Metabolic Boost  
  22  2:24  Overlord  
  22  2:39  Hatchery, Zergling x4  
  22  2:40  Zergling x4  
  25  2:51  Zergling x2  
  25  2:52  Zergling x2  
  27  3:16  Zergling x10  
  27  3:19  Drone x2  
  34  3:22  Queen  
  36  3:31  Overlord  
  35  3:36  Extractor  
  31  3:47  Zergling x8  
  31  3:57  Drone  
  31  3:58  Drone x3  
  35  4:06  Drone x2  
  35  4:07  Drone  
  38  4:11  Drone  
  38  4:13  Drone  
  40  4:18  Drone  
  41  4:26  Queen  
  43  4:32  Drone  
  43  4:33  Drone x2  
  45  4:47  Spore Crawler  
  43  4:55  Queen  
  45  5:17  Zergling x2  
  45  5:18  Zergling x6  
  46  5:51  Zergling x8  
  46  5:53  Overlord x3  
  46  5:54  Overlord  
  48  5:59  Roach Warren  
  47  6:10  Drone  
  47  6:11  Drone  
  49  6:17  Drone  
  49  6:18  Drone x18  
  68  6:41  Lair  
  66  6:54  Zergling x2  
  66  6:55  Zergling x2  
  66  6:56  Zergling x22  
  77  7:31  Drone x3  
  77  7:33  Extractor  
  77  7:35  Overlord  
  77  7:36  Overlord x10  
  79  7:37  Extractor  
  78  7:47  Burrow, Glial Reconstitution  
  78  8:21  Roach x12  
  78  8:22  Roach x9  
  115  8:44  Spire  
  100  9:16  Drone x7  
  100  9:17  Drone x12  
  105  9:34  Extractor  
  78  9:56  Spore Crawler  
  78  9:57  Spore Crawler  
  78  9:59  Mutalisk  
  76  10:01  Mutalisk x4  
  86  10:21  Overlord x2  
  86  10:22  Overlord  
  90  10:34  Extractor  
Show
View Real Time Build Order
Export as new Build Order

AgCl Protoss - Winner!

Build Orders: 1 Gate Expand, Double Forge 

Get SALT Encoding   

  12  0:01  Probe  
  13  0:22  Pylon  
  13  0:30  Probe  
  14  0:44  Probe  
  14  0:49  Gateway  
  15  0:56  Probe  
  16  1:09  Probe  
  17  1:16  Assimilator  
  17  1:21  Probe  
  18  1:33  Probe, Nexus  
  19  1:43  Pylon  
  19  1:45  Probe  
  20  1:57  Probe (Chrono Boost)  
  20  1:58  Cybernetics Core  
  21  2:05  Assimilator  
  22  2:09  Probe (Chrono Boost)  
  22  2:15  Probe (Chrono Boost)  
  23  2:22  Zealot (Chrono Boost)  
  25  2:26  Probe (Chrono Boost)  
  25  2:39  Warp Gate (Chrono Boost)  
  25  2:42  Mothership Core (Chrono Boost)  
  27  2:47  Adept (Chrono Boost)  
  27  2:49  Probe (Chrono Boost)  
  30  2:56  Probe (Chrono Boost)  
  30  2:57  Probe (Chrono Boost)  
  32  3:04  Probe  
  33  3:06  Probe  
  33  3:08  Forge  
  34  3:16  Probe (Chrono Boost)  
  34  3:18  Probe (Chrono Boost), Stargate  
  36  3:22  Assimilator  
  37  3:27  Pylon  
  37  3:28  Probe (Chrono Boost)  
  37  3:30  Probe (Chrono Boost)  
  38  3:35  Probe (Chrono Boost)  
  38  3:36  Probe (Chrono Boost)  
  40  3:45  Probe  
  40  3:47  Probe  
  40  3:52  Pylon  
  40  3:57  Probe  
  40  3:59  Probe  
  40  4:00  Gateway  
  40  4:02  Oracle (Chrono Boost)  
  45  4:09  Probe  
  46  4:10  Forge  
  46  4:12  Probe (Chrono Boost)  
  47  4:21  Probe (Chrono Boost)  
  47  4:22  Pylon  
  49  4:25  Assimilator  
  49  4:29  Gateway, Probe (Chrono Boost)  
  50  4:32  Probe (Chrono Boost)  
  50  4:35  Probe (Chrono Boost)  
  51  4:40  Probe  
  51  4:42  Pylon  
  52  4:51  Probe  
  51  4:55  Gateway, Adept  
  51  4:57  Probe  
  54  5:03  Probe  
  55  5:09  Probe  
  57  5:23  Probe (Chrono Boost)  
  57  5:25  Fleet Beacon, Protoss Ground Weapons Level 1  
  57  5:27  Probe (Chrono Boost)  
  56  5:30  Adept, Pylon  
  57  5:37  Probe x2 (Chrono Boost), Adept x3  
  61  5:55  Pylon, Carrier (Chrono Boost)  
  58  5:58  Probe (Chrono Boost)  
  58  5:59  Fleet Beacon  
  58  6:01  Probe (Chrono Boost), Pylon  
  58  6:02  Nexus  
  59  6:05  Pylon  
  59  6:09  Probe  
  60  6:11  Zealot  
  60  6:12  Zealot  
  70  6:18  Graviton Catapult  
  70  6:23  Protoss Air Weapons Level 1 (Chrono Boost)  
  70  6:28  Stargate  
  70  6:29  Probe (Chrono Boost)  
  70  6:30  Twilight Council, Probe (Chrono Boost)  
  72  6:37  Pylon  
  74  6:41  Probe (Chrono Boost)  
  74  6:43  Probe (Chrono Boost)  
  74  6:44  Zealot  
  77  6:47  Probe (Chrono Boost)  
  77  6:48  Zealot  
  77  6:51  Probe  
  77  6:52  Assimilator  
  77  6:53  Charge (Chrono Boost)  
  79  6:55  Photon Cannon  
  79  6:58  Probe, Pylon  
  79  6:59  Adept  
  79  7:02  Carrier (Chrono Boost)  
  79  7:04  Probe  
  80  7:11  Probe (Chrono Boost)  
  87  7:20  Assimilator  
  87  7:22  Probe (Chrono Boost)  
  89  7:26  Probe (Chrono Boost)  
  89  7:28  Carrier (Chrono Boost)  
  89  7:29  Probe (Chrono Boost)  
  91  7:31  Probe (Chrono Boost)  
  91  7:32  Pylon  
  91  7:37  Photon Cannon  
  97  7:54  Probe  
  97  7:56  Carrier (Chrono Boost)  
  97  7:57  Probe  
  99  8:01  Gateway  
  99  8:06  Pylon  
  99  8:07  Dark Shrine  
  99  8:12  Pylon  
  105  8:15  Pylon  
  105  8:17  Protoss Air Weapons Level 2 (Chrono Boost)  
  105  8:23  Carrier (Chrono Boost)  
  105  8:25  Pylon  
  105  8:35  Probe, Pylon  
  110  9:01  Probe  
  107  9:09  Gateway, Pylon  
  105  9:18  Nexus  
  105  9:21  Pylon  
  105  9:23  Dark Templar x2  
  105  9:24  Dark Templar x2  
  103  9:31  Dark Templar  
  103  9:33  Dark Templar  
  103  9:34  Dark Templar x2  
  100  9:49  Pylon  
  100  9:52  Assimilator  
  100  9:56  Assimilator  
  100  9:58  Templar Archives  
  100  9:59  Photon Cannon  
  100  10:01  Pylon  
  106  10:20  Robotics Facility  
  106  10:23  Pylon  
  112  10:40  Photon Cannon  
Tags
 
Add a new tag
Caveats
  • Supply blocks, unpowered buildings, or Contaminate may cause inaccurate times.
  • Supply counts are checked every 10 seconds.